 Dungeon Crawl Stone Soup version 0.17-a0-776-gd86b262 (webtiles) character file.

630841 Zwobot the Demonologist (level 27, -3/170 HPs)
             Began as an Octopode Ice Elementalist on Apr 22, 2015.
             Was the Champion of Dithmenos.
             Slain by an Orb Guardian (39 damage)
             ... on level 5 of the Realm of Zot on Apr 24, 2015.
             The game lasted 12:33:48 (97202 turns).

Zwobot the Demonologist (OpIE)                     Turns: 97202, Time: 12:33:49

Health: -3/170     AC: 19    Str: 10    XL:     27
Magic:  5/45       EV: 39    Int: 30    God:    Dithmenos [******]
Gold:   5814       SH:  0    Dex: 19    Spells: 14 memorised, 3 levels left

rFire  + . .     SeeInvis +     a - +8 lajatang (elec)
rCold  + . .     Clarity  +     (no shield)
rNeg   . . .     SustAb   .     K - +2 hat
rPois  +         Gourm    .     z - amulet of clarity
rElec  +         Spirit   .     L - +6 ring of protection
rCorr  .         Warding  .     G - ring "Bepis" {+Blink MR+ Str-3 Int+2 Stlth+}
rMut   .         Stasis   .     W - ring of protection from fire
MR     +++..                    f - ring of Mymmopig {Wiz rC+}
Stlth  ++++++++++               Z - +4 ring of dexterity
                                F - ring of poison resistance
                                i - ring of Mufuvus {rElec Int+2 Dex-5 SInv}
                                Y - +6 ring of intelligence

@: mighty, icy armour, phasing, dragon's call, very slightly contaminated,
hasted, wreathed by umbra, studying Dodging, repel missiles, very quick,
extremely resistant to hostile enchantments, uncannily stealthy
A: almost no armour, amphibious, 8 rings, constrict 8, tentacle spike 1,
camouflage 1, frail 1, weak 1, gelatinous body 1
a: Shadow Step, Shadow Form, Renounce Religion, Evoke Blink
}: 3/15 runes: barnacled, silver, gossamer


You were on level 5 of the Realm of Zot.
You worshipped Dithmenos.
Dithmenos was exalted by your worship.
You were full.

You visited 12 branches of the dungeon, and saw 60 of its levels.
You visited the Abyss 1 time.
You also visited: Labyrinth, Ice Cave and Wizlab.

You collected 10723 gold pieces.
You spent 4909 gold pieces at shops.

Inventory:

Hand weapons
 a - a +8 lajatang of electrocution (weapon)
 t - the +9 Staff of Wucad Mu {channel}
   (You found it in a wizard's laboratory)
Missiles
 d - 16 throwing nets (quivered)
Armour
 K - a +2 hat (worn)
Magical staves
 b - an uncursed staff of energy
Rods
 o - a +8 lightning rod (17/17)
   (You found it on level 2 of the Depths)
 H - a +5 lightning rod (14/14)
   (You found it on level 3 of the Crypt)
Jewellery
 f - the ring of Mymmopig (on tentacle) {Wiz rC+}
   (You took it off a deep elf demonologist on level 3 of the Elven Halls)

   [ring of wizardry]

   It improves your spell success rate.
   It protects you from cold.
 i - the ring of Mufuvus (on tentacle) {rElec Int+2 Dex-5 SInv}
   (You bought it in a shop on level 4 of the Orcish Mines)

   [ring of intelligence]

   It affects your intelligence (+2).
   It affects your dexterity (-5).
   It insulates you from electricity.
   It enhances your eyesight.
 p - the ring of Nipsudeh {+cTele rN+}
   (You acquired it on level 2 of the Shoals)

   [ring of teleport control]

   It can be evoked for teleport control.
   It protects you from negative energy.
 z - an amulet of clarity (around mantle)
 F - a ring of poison resistance (on tentacle)
 G - the ring "Bepis" (right tentacle) {+Blink MR+ Str-3 Int+2 Stlth+}
   (You acquired it on level 3 of the Elven Halls)

   [ring of protection from magic]

   It affects your strength (-3).
   It affects your intelligence (+2).
   It affects your resistance to hostile enchantments.
   It lets you blink.
   It makes you more stealthy.
 J - an uncursed amulet of the gourmand
 L - a +6 ring of protection (left tentacle)
 W - a ring of protection from fire (on tentacle)
 Y - a +6 ring of intelligence (on tentacle)
 Z - a +4 ring of dexterity (on tentacle)
Magical devices
 q - a wand of invisibility (3)
 B - a wand of digging (9)
 D - a wand of disintegration (10)
 P - a wand of hasting (8)
 R - a wand of teleportation (7)
 X - a wand of draining (9)
Scrolls
 e - 6 scrolls of fear
 m - 8 scrolls of recharging
 s - 6 scrolls of fog
 u - 4 scrolls of teleportation
 x - 16 scrolls of remove curse
 A - 3 scrolls of blinking
 M - a scroll of amnesia
 N - 5 scrolls of identify
Potions
 k - 5 potions of restore abilities
 l - 3 potions of brilliance
 r - a potion of cancellation
 C - a potion of agility
 O - 10 potions of curing
 Q - 2 potions of magic
 U - 5 potions of haste
 V - 5 potions of cure mutation
Books
 h - a manual of Dodging
Miscellaneous
 g - a fan of gales
 n - the horn of Geryon (inert)
 E - a phantom mirror
 S - a fan of gales
Comestibles
 c - 23 meat rations
 w - 9 bread rations


   Skills:
 - Level 16.0 Fighting
 - Level 14.0 Staves
 - Level 21.3 Dodging
 - Level 7.0 Stealth
 + Level 18.3 Spellcasting
   Level 1.0 Conjurations
 - Level 8.2 Charms
 * Level 22.9 Summonings
 - Level 3.2 Necromancy
 - Level 15.0 Translocations
 - Level 8.3 Ice Magic
 - Level 10.0 Evocations


You had 3 spell levels left.
You knew the following spells:

 Your Spells              Type           Power        Failure   Level  Hunger
a - Dragon's Call         Summ           ########..   6%          9    #######
b - Controlled Blink      Tloc           N/A          1%          7    ####...
c - Ozocubu's Armour      Chrm/Ice       ######..     1%          3    None
d - Haste                 Chrm           ######..     4%          6    None
e - Dispersal             Tloc           #######...   1%          6    None
f - Monstrous Menagerie   Summ           ########..   1%          6    None
g - Recall                Summ/Tloc      N/A          0%          3    None
h - Regeneration          Chrm/Necr      ######....   1%          3    None
i - Repel Missiles        Chrm/Air       ######       1%          2    None
j - Blink                 Tloc           N/A          0%          2    None
k - Phase Shift           Tloc           #######...   1%          5    None
l - Spectral Weapon       Hex/Chrm       ######..     1%          3    None
m - Apportation           Tloc           #######...   0%          1    None
n - Abjuration            Summ           ########..   0%          3    None


Dungeon Overview and Level Annotations

Branches:
Dungeon (15/15)            Temple (1/1) D:7            Lair (8/8) D:10
 Shoals (5/5) Lair:3       Spider (5/5) Lair:5        Slime (0/6) Lair:7
    Orc (4/4) D:12            Elf (3/3) Orc:3        Vaults (5/5) D:14
  Crypt (3/3) Vaults:3     Depths (5/5) D:15           Hell (1/1)
    Dis (0/7) Hell            Geh (0/7) Hell            Coc (0/7) Hell
    Tar (0/7) Hell            Zot (5/5) Depths:5
   Tomb: Crypt:3

Altars:
Ashenzari
Cheibriados
Dithmenos
Elyvilon
Fedhas
Gozag
Kikubaaqudgha
Makhleb
Nemelex Xobeh
Okawaru
Qazlal
Ru
Sif Muna
Trog
Vehumet
Xom
Yredelemnul
Zin
The Shining One
Jiyva
Lugonu

Shops:
D:12 ?   D:14 }   Orc:2 [   Orc:4 *(=[   Elf:3 =   Vaults:1 ?   Vaults:4 ?

Portals:
Hell: Lair:8 Depths:1 Depths:2 Depths:3 Depths:4 Depths:5
Abyss: Depths:4
Pandemonium: Depths:3
Ziggurat: Depths:3
Trove: Vaults:1 (give 7 potions of haste)

Annotations:
D:3 exclusions: 2 wights and 1 more exclusion, Sigmund
D:5 exclusion: oklob plant
Lair:8 exclusion: 2 doors
Crypt:1 Boris, Khufu
Crypt:3 exclusion: 3 doors


Innate Abilities, Weirdness & Mutations

You cannot wear most types of armour.
You are amphibious.
You can wear up to eight rings at the same time.
You can use your tentacles to constrict eight enemies at once.
Your skin changes colour to match your surroundings (Stealth).
Your rubbery body absorbs attacks (AC +1).
One of your tentacles bears a spike.
You are frail (-10% HP).
You are weak. (Str -2)


Message History

The electric golem hits your iron dragon!
The electric golem shocks your iron dragon!
The electric golem barely misses your iron dragon.
The electric golem hits your iron dragon but does no damage.
You hit the ancient lich.
You destroy the ancient lich!
Dithmenos accepts your kill.
Dithmenos appreciates your extinguishing a source of fire.
The yellow draconian hits your iron dragon with a battleaxe.
The Orb Guardian hits you!!
* * * LOW HITPOINT WARNING * * *
Your iron dragon breathes metal splinters at the electric golem.
The spray of metal splinters hits the electric golem.
The spray of metal splinters hits the red draconian.
You slash the Orb Guardian!
The Orb Guardian is moderately wounded.
You momentarily phase out as the Orb Guardian's attack passes through you.
The electric golem blinks!
Something hits your iron dragon. Something tail-slaps your iron dragon.
The Orb Guardian hits you!!!
You die...

...............# ##.
................# #.
.................# ##.
..................# #..
...................# ##..
...................###...
......§.§.^.......###..^#
#....§§§X§§......##....##
#...§§X@XD..........###
▓▓...DX##▓▓▓▓▓▓▓▓▓▓▓#
▓...d§d. ▓.....dqdq
.......D.y* ......8.)..
........... ......... ...


You could see an electric golem, a green draconian knight, a yellow draconian, a
red draconian, 4 Orb Guardians, a friendly shadow dragon, a friendly iron dragon
and a friendly ice dragon.

Vanquished Creatures
  3 ancient liches
  Norris (Spider:2)
  A curse toe (Zot:5)
  A golden dragon (Vaults:5)
  A profane servitor (Depths:1)
  Jory (Vaults:2)
  Arachne (Spider:3)
  A bone dragon (Depths:1)
  4 liches
  An electric golem (Zot:3)
  7 tentacled monstrosities
  A Hell Sentinel (Elf:3)
  7 Orb Guardians (Zot:5)
  A deep elf blademaster (Elf:3)
  A quicksilver dragon (Depths:3)
  3 deep elf master archers (Elf:3)
  3 titans
  2 krakens
  2 tentacled starspawn (Abyss:2)
  2 sphinxes
  2 ancient champions
  Kirke (Shoals:1)
  7 shadow dragons
  6 storm dragons
  2 draconian monks (Zot:2)
  Ilsuiw (Shoals:5)
  Wiglaf (Vaults:2)
  3 ghost moths
  6 fire giants
  An azure jelly (shapeshifter) (Vaults:5)
  3 tengu reavers
  An iron dragon (Depths:5)
  Maud (Depths:4)
  7 frost giants
  18 vault wardens
  2 balrugs (Hell)
  8 deep elf sorcerers
  An orc warlord (Orc:4)
  2 emperor scorpions
  A draconian shifter (Zot:2)
  A cacodemon (Abyss:2)
  10 very ugly things
  9 reapers
  2 spriggan defenders
  4 ghouls (Crypt:1)
  18 ironheart preservers
  4 draconian annihilators
  4 war gargoyles
  18 stone giants
  2 vampire knights
  5 deep elf demonologists
  3 black draconians
  5 green draconians
  3 red draconians
  2 yellow draconians (Zot:5)
  4 purple draconians
  2 white draconians (Depths:5)
  3 salamander firebrands (Hell)
  17 deep elf annihilators
  A mottled draconian (Depths:5)
  10 ettins
  A green death (Depths:3)
  5 deep elf death magi
  A crystal guardian (Vaults:4)
  3 merfolk javelineers (Shoals:5)
  8 eidola
  The ghost of oplop the Fighter, a powerful KoBe of Trog (D:12)
  2 blizzard demons (IceCv)
  12 fire dragons
  6 jiangshi
  11 great orbs of eyes
  A minotaur (Lab)
  23 yaktaur captains
  2 merfolk impalers
  7 deep elf high priests
  5 entropy weavers
  2 rakshasas
  6 hydras
  10 ice dragons
  12 ogre magi
  3 catoblepae
  3 death cobs
  26 vault guards
  A monstrous demonspawn (WizLab)
  4 centaur warriors
  2 merfolk aquamancers
  4 merfolk avatars
  Erica (D:11)
  3 spriggan air magi
  8 deep troll earth magi
  A thrashing horror (Abyss:2)
  5 dancing weapons
  6 vampire magi
  4 salamander stormcallers
  An orc high priest (Elf:3)
  A satyr (Shoals:5)
  6 death yaks
  4 deep troll shamans
  6 tengu warriors
  10 hell knights
  A spriggan berserker (Depths:3)
  10 small abominations
  3 hell hogs (Hell)
  15 deep elf knights
  2 iron golems (Hell)
  4 iron trolls
  3 titan skeletons
  5 sun demons (Hell)
  9 soul eaters
  A wretched star (Abyss:2)
  3 death drakes
  A salamander mystic (Depths:3)
  7 ice devils
  A spectral anaconda (Depths:4)
  2 golden dragon zombies (Hell)
  18 deep trolls
  4 unseen horrors
  28 skeletal warriors
  4 wizards
  9 sea snakes
  4 hill giants
  An anaconda zombie (Crypt:3)
  8 deep elf summoners
  An obsidian statue (Elf:2)
  5 flayed ghosts
  A lindwurm (shapeshifter) (Vaults:2)
  A death drake (shapeshifter) (Vaults:5)
  7 orc knights
  7 giant orange brains
  A putrid demonspawn (Depths:3)
  A shadow dragon zombie (Crypt:3)
  17 ironbrand convokers
  13 harpies
  2 wolf spider zombies (Crypt:3)
  An anaconda skeleton (Hell)
  19 wolf spiders
  14 deep elf conjurers
  An orb spider (shapeshifter) (Vaults:2)
  32 ugly things
  14 phantasmal warriors
  A sphinx zombie (Depths:3)
  An orc sorcerer (Vaults:5)
  8 orb spiders
  2 fire giant zombies
  2 harpies (shapeshifter)
  6 fauns
  10 hornets
  2 stone giant zombies (Vaults:4)
  2 salamanders (Depths:3)
  A shadow dragon skeleton (Hell)
  A tengu skeleton (Depths:3)
  A frost giant zombie (Vaults:4)
  14 griffons
  An oklob plant (Lair:7)
  4 water nymphs
  19 necromancers
  A mana viper (Depths:4)
  A water nymph (shapeshifter) (Vaults:3)
  A draconian (shapeshifter) (Vaults:5)
  6 cyclopes
  A human skeleton (Vaults:5)
  A drowned soul (Shoals:5)
  6 manticores
  Maurice (Orc:4)
  6 sirens
  3 fire giant skeletons
  7 moths of wrath
  8 black mambas
  Joseph (D:7)
  9 elephants
  7 rust devils
  3 frost giant skeletons
  2 smoke demons
  11 spiny frogs
  Psyche (D:9)
  14 vault sentinels
  A torpor snail (Spider:5)
  An orange demon (Lair:8)
  3 orange crystal statues
  A hellion (Hell)
  2 spriggan skeletons
  An elf skeleton (Depths:2)
  A kobold demonologist (Vaults:2)
  A yaktaur zombie (Vaults:2)
  2 centaur skeletons
  6 komodo dragons
  2 spectral merfolk (Depths:4)
  A fire drake (shapeshifter) (Depths:5)
  13 hellwings (Crypt:3)
  56 yaktaurs
  2 golden dragon simulacra (IceCv)
  22 freezing wraiths
  An efreet (D:14)
  2 anaconda simulacra
  5 demonic crawlers
  5 fire drakes
  5 tengu conjurers
  19 deep elf priests
  9 blue devils
  A ghost moth simulacrum (Hell)
  25 merfolk
  2 wolf spider simulacra
  14 jumping spiders
  An entropy weaver zombie (Crypt:2)
  10 blink frogs
  2 hydra zombies (Crypt:3)
  2 polar bears
  3 red devils (Hell)
  5 trolls
  A blink frog (shapeshifter) (Vaults:2)
  A raven (shapeshifter) (Vaults:1)
  17 two-headed ogres
  2 ancient zymes (Abyss:2)
  22 ravens
  An ice dragon zombie (Crypt:3)
  17 slime creatures
  A raiju (shapeshifter) (Elf:2)
  4 raiju
  An alligator zombie (Hell)
  A stone giant simulacrum (Abyss:2)
  2 hydra skeletons (Hell)
  12 snapping turtles
  An elf zombie (Depths:2)
  13 trapdoor spiders
  2 boulder beetles
  A flying skull (Crypt:1)
  A trapdoor spider (shapeshifter) (Vaults:2)
  3 shadows
  A fire dragon zombie (Crypt:3)
  49 redbacks
  A black mamba zombie (Crypt:3)
  A hog (Shoals:1)
  5 air elementals
  2 large abominations (Abyss:1)
  An alligator skeleton (Hell)
  A spriggan (Depths:3)
  34 yaks
  16 hippogriffs
  28 deep elf magi
  27 tarantellas
  10 water elementals
  3 ettin skeletons
  3 vampires
  3 wyverns
  A black mamba skeleton (Crypt:3)
  A ynoxinul (Abyss:2)
  7 basilisks
  4 humans (D:14)
  22 deep elf fighters
  5 harpy simulacra (IceCv)
  6 vampire mosquitoes
  A chaos spawn (Abyss:2)
  3 hungry ghosts
  A death yak simulacrum (IceCv)
  5 fire elementals (Hell)
  A neqoxec (Elf:3)
  17 wolves
  12 wraiths
  8 wargs
  Menkaure (D:5)
  A mottled dragon (shapeshifter) (Vaults:4)
  3 mottled dragons
  3 human simulacra
  5 swamp worms (Spider:2)
  3 hydra simulacra
  6 hell hounds
  2 spiny frog zombies (Hell)
  24 water moccasins
  A faun skeleton (Crypt:2)
  4 raven skeletons (Crypt:3)
  A torturous demonspawn skeleton (Crypt:1)
  3 ice beasts
  5 sky beasts
  A fire dragon simulacrum (Hell)
  8 porcupines
  3 spectral spriggans (Depths:4)
  A spiny frog skeleton (Crypt:3)
  A soldier ant (D:15)
  A swamp drake (D:11)
  A deep dwarf (shapeshifter) (Depths:5)
  19 orc warriors
  3 spectral trolls (Depths:4)
  10 spiders
  A black bear (Lair:2)
  A necrophage (Crypt:1)
  2 snapping turtle zombies
  An alligator simulacrum (IceCv)
  A phantom (D:14)
  2 swamp dragon zombies
  9 boggarts
  27 ogres
  4 boring beetles
  An eye of draining (D:4)
  4 wasps
  15 centaurs
  A human zombie (Vaults:5)
  2 brain worms
  5 big kobolds
  A giant frog (shapeshifter) (Vaults:1)
  13 crocodiles
  A glowing shapeshifter simulacrum (Depths:3)
  A gnoll sergeant (D:6)
  17 giant frogs
  A wyvern skeleton (D:7)
  6 scorpions
  A spiny frog simulacrum (Hell)
  16 killer bees
  A boulder beetle zombie (Crypt:1)
  10 wights
  A spectral naga (Depths:4)
  2 spectral ogres (Depths:4)
  An orc simulacrum (Vaults:1)
  A spectral centaur (Depths:4)
  2 electric eels (Spider:1)
  A draconian simulacrum (IceCv)
  3 giant frog zombies
  A wasp zombie (D:6)
  27 orc wizards
  4 quasits
  A centaur zombie (D:10)
  2 jellies
  3 crimson imps
  2 giant frog skeletons
  16 orc priests
  4 hounds
  5 iguanas
  3 iron imps
  5 worker ants
  10 hell rats (Hell)
  A spriggan simulacrum (Hell)
  5 troll simulacra
  3 centaur simulacra
  A killer bee zombie (D:4)
  A polar bear simulacrum (IceCv)
  13 sheep
  An ogre zombie (Crypt:1)
  A sky beast zombie (Crypt:1)
  2 hound zombies
  A tengu zombie (Crypt:3)
  Robin (D:3)
  23 river rats
  19 adders
  3 naga simulacra
  2 ogre simulacra (IceCv)
  10 shadow imps
  A steam dragon skeleton (Crypt:2)
  A swamp drake skeleton (Crypt:1)
  5 white imps
  An adder (shapeshifter) (Vaults:5)
  A giant eyeball (Depths:4)
  2 ufetubi
  2 oozes (D:3)
  An adder skeleton (D:4)
  An adder zombie (D:6)
  12 worms
  4 giant geckos
  121 orcs
  3 ball pythons
  14 bats
  5 giant cockroaches
  21 goblins
  28 hobgoblins
  5 jackals
  A ball python zombie (Crypt:1)
  A giant gecko skeleton (D:4)
  6 giant newts
  2 giant spores
  35 kobolds
  4 quokkas
  A quokka skeleton (D:9)
  19 rats
  9 ballistomycetes
  A bush (Elf:3)
  A butterfly (WizLab)
  7 crawling corpses
  3 fungi (Lair:5)
  9 plants
  5 tentacles
2282 creatures vanquished.

Vanquished Creatures (collateral kills)
  2 ancient liches
  An orb of fire (Zot:5)
  Mara (Depths:2)
  Margery (Depths:1)
  Geryon (Hell)
  Nikola (Shoals:1)
  3 golden dragons
  Jorgrun (Shoals:3)
  A tentacled monstrosity (Vaults:5)
  3 liches
  A deep elf master archer (Elf:3)
  The ghost of asdu the Bludgeoner, a mighty DrAs of Nemelex Xobeh (WizLab)
  2 titans
  3 Orb Guardians (Zot:5)
  4 sphinxes
  Polyphemus (Shoals:3)
  An ancient champion (Hell)
  2 octopode crushers (Depths:3)
  2 tengu reavers
  A shadow dragon (Vaults:3)
  2 storm dragons
  Roxanne (Spider:3)
  5 fire giants
  2 frost giants
  Donald (Shoals:4)
  9 vault wardens
  A deep elf sorcerer (Vaults:5)
  Louise (D:14)
  An emperor scorpion (Spider:5)
  An iron dragon (Vaults:5)
  A ghoul (Depths:1)
  6 stone giants
  2 spriggan defenders (Depths:3)
  A war gargoyle (Hell)
  4 ironheart preservers
  2 very ugly things
  2 reapers (Hell)
  2 deep elf demonologists
  3 deep elf annihilators (Elf:3)
  A purple draconian (Depths:5)
  8 ettins
  2 deep elf death magi (Elf:3)
  2 eidola
  2 merfolk javelineers (Shoals:5)
  2 merfolk impalers
  2 deep elf high priests (Elf:3)
  5 fire dragons
  16 vault guards
  3 jiangshi
  A great orb of eyes (Depths:3)
  An entropy weaver (Depths:3)
  4 hydras
  4 yaktaur captains
  2 merfolk avatars
  An alligator snapping turtle (Shoals:3)
  4 ogre magi
  2 death knights
  2 deep troll shamans (Vaults:3)
  3 centaur warriors
  3 merfolk aquamancers
  A satyr (shapeshifter) (Depths:1)
  2 tengu warriors
  4 death yaks
  2 dancing weapons (Depths:4)
  3 sun demons
  A soul eater (Hell)
  5 deep elf knights
  Sonja (D:14)
  8 skeletal warriors
  3 fire crabs
  9 hell knights
  A salamander mystic (Depths:3)
  2 shadow wraiths
  2 sea snakes
  A death drake (Depths:4)
  An ice devil (IceCv)
  9 deep trolls
  A deep elf summoner (Elf:2)
  2 flayed ghosts
  2 ice statues (Spider:3)
  6 ironbrand convokers
  6 orc knights
  3 phantasmal warriors
  A mana viper (Depths:4)
  5 necromancers
  An anaconda skeleton (Hell)
  11 harpies
  2 giant orange brains (Depths:4)
  A stone giant zombie (Crypt:3)
  2 hill giants
  9 orb spiders
  4 salamanders (Depths:3)
  2 deep elf conjurers (Elf:1)
  A griffon (Shoals:3)
  21 ugly things
  2 human zombies
  A hornet (Spider:1)
  A shadow dragon skeleton (Depths:2)
  5 wolf spiders
  5 fauns
  A tengu skeleton (Depths:2)
  3 water nymphs
  7 cyclopes (Orc:4)
  A human skeleton (Vaults:5)
  A frost giant skeleton (Vaults:4)
  A sixfirhy (Lair:8)
  4 manticores (Shoals:5)
  6 elephants
  4 orange demons (Lair:8)
  5 drowned souls
  A black mamba (Lair:8)
  4 sirens
  A smoke demon (Lair:8)
  5 torpor snails
  3 rust devils
  An anaconda simulacrum (IceCv)
  20 yaktaurs
  3 demonic crawlers
  2 vault sentinels
  4 spiny frogs
  3 fire drakes
  2 freezing wraiths (IceCv)
  A komodo dragon (Lair:5)
  A spiny frog (shapeshifter) (Vaults:1)
  A yaktaur skeleton (Vaults:4)
  A hellwing (Vaults:5)
  2 blue devils
  2 guardian mummies (Vaults:1)
  3 red devils
  2 deep elf priests (Elf:1)
  A polar bear (Lair:4)
  5 trolls
  4 jumping spiders
  A jumping spider (shapeshifter) (Vaults:4)
  A wind drake (Shoals:3)
  4 two-headed ogres
  16 merfolk
  2 ettin zombies
  2 boulder beetles (Vaults:4)
  11 slime creatures
  A fire giant simulacrum (Hell)
  A raven (Depths:1)
  3 trapdoor spiders
  4 deep elf magi
  An ice dragon skeleton (Crypt:3)
  12 redbacks
  2 snapping turtles
  A spriggan (Depths:3)
  9 tarantellas
  4 blink frogs (Lair:6)
  7 deep elf fighters
  14 humans (D:14)
  A basilisk (D:13)
  9 water elementals
  A fire elemental (Hell)
  5 wargs
  2 wraiths
  4 vampire mosquitoes
  23 yaks
  4 hogs (Shoals:1)
  A wolf (Lair:8)
  A swamp worm (shapeshifter) (Depths:3)
  3 swamp worms (Spider:2)
  2 iron troll simulacra (IceCv)
  2 hippogriffs
  2 hydra simulacra (IceCv)
  A water moccasin (Lair:4)
  2 porcupines
  2 phantoms
  5 ice beasts
  12 spiders
  13 orc warriors
  A wasp (Depths:3)
  4 boggarts
  An eye of draining (D:11)
  A snapping turtle skeleton (Crypt:3)
  4 centaurs
  29 ogres
  6 crocodiles
  6 giant frogs
  A scorpion (D:12)
  A spectral naga (Depths:4)
  2 spectral ogres (Depths:4)
  9 killer bees
  A crimson imp (D:11)
  7 orc priests
  2 centaur skeletons
  3 jellies
  12 orc wizards
  A troll simulacrum (IceCv)
  2 worker ants (D:13)
  6 hell rats
  An iguana (D:11)
  10 sheep
  A hound skeleton (D:10)
  A gnoll (D:9)
  A white imp (IceCv)
  18 river rats
  3 ufetubi (IceCv)
  A worm (shapeshifter) (Vaults:5)
  A worm (Spider:2)
  72 orcs
  4 hobgoblins
  A giant spore (D:12)
  2 goblins
  A kobold (D:7)
  5 butterflies (WizLab)
  3 crawling corpses
  A fungus (Lair:5)
  2 plants
  3 tentacles
825 creatures vanquished.

Vanquished Creatures (others)
  Xtahua (Vaults:5)
  13 sphinxes
  A quicksilver dragon (Vaults:5)
  3 storm dragons
  An iron dragon (Zot:5)
  A vault warden (Vaults:1)
  5 spectral weapons
  An ettin (Orc:4)
  2 vault guards (Vaults:2)
  A jiangshi (Crypt:3)
  3 ice dragons
  3 hell beasts
  A death knight (Crypt:1)
  2 deep elf knights
  An iron troll (Depths:5)
  A flayed ghost (Crypt:1)
  A ball lightning (Depths:5)
  A shadow wraith (Depths:4)
  A deep troll (Vaults:5)
  A phantasmal warrior (Crypt:3)
  136 harpies
  A deep elf conjurer (Elf:1)
  2 necromancers
  86 manticores
  A cyclops (Orc:4)
  A vault sentinel (Vaults:5)
  5 drowned souls
  4 yaktaurs
  A blue devil (Hell)
  A jumping spider (Spider:5)
  A freezing wraith (Crypt:1)
  A boulder beetle (Vaults:3)
  3 air elementals
  49 ice beasts
  A tarantella (Spider:5)
  3 yaks (Lair:8)
  A deep elf fighter (Vaults:5)
  2 wolves
  A warg (Depths:4)
  A hungry ghost (D:7)
  A porcupine (Lair:5)
  3 water moccasins
  A necrophage (Crypt:3)
  11 lost souls
  A giant frog (D:7)
  An iguana (D:11)
  An orc wizard (D:7)
  A mummy (Crypt:3)
  5 river rats
  A white imp (D:11)
  A giant gecko (D:6)
  3 orcs
  A goblin (D:7)
  A giant spore (D:14)
  An orc skeleton (Crypt:3)
  5 fungi
  7 plants
  12 snaplasher vine segments (Lair:5)
  2 starspawn tentacles (Abyss:2)
  A starspawn tentacle segment (Abyss:2)
  14 tentacles
  623 tentacle segments
1042 creatures vanquished.

Grand Total: 4149 creatures vanquished

Notes
Turn   | Place    | Note
--------------------------------------------------------------
     0 | D:1      | Zwobot, the Octopode Ice Elementalist, began the quest for the Orb.
     0 | D:1      | Reached XP level 1. HP: 11/11 MP: 3/3
   401 | D:1      | Reached XP level 2. HP: 13/17 MP: 1/5
   679 | D:1      | Learned a level 2 spell: Throw Frost
  1129 | D:1      | Reached XP level 3. HP: 19/21 MP: 6/6
  1754 | D:2      | Learned a level 3 spell: Ozocubu's Armour
  1921 | D:2      | Reached skill level 4 in Ice Magic
  2065 | D:2      | Reached XP level 4. HP: 27/27 MP: 0/7
  2917 | D:2      | Reached skill level 1 in Fighting
  3254 | D:3      | Reached XP level 5. HP: 33/33 MP: 5/8
  3482 | D:3      | Noticed Robin
  4138 | D:3      | Killed Robin
  4463 | D:3      | Noticed Sigmund
  5040 | D:4      | Noticed an ogre
  5083 | D:4      | Reached skill level 1 in Charms
  5083 | D:4      | Reached XP level 6. HP: 27/39 MP: 5/9
  5099 | D:4      | Noticed an ogre
  5394 | D:4      | Killed an ogre
  5467 | D:4      | Found a bloodstained altar of Trog.
  5512 | D:4      | Reached skill level 5 in Ice Magic
  5687 | D:4      | Reached XP level 7. HP: 45/45 MP: 6/10
  5974 | D:4      | Killed an ogre
  6144 | D:4      | Reached skill level 5 in Dodging
  6265 | D:4      | Found a shimmering altar of Xom.
  6794 | D:5      | Entered Level 5 of the Dungeon
  7081 | D:5      | Noticed Menkaure
  7170 | D:5      | Killed Menkaure
  7170 | D:5      | Reached XP level 8. HP: 23/54 MP: 8/12
  7400 | D:5      | Found a blossoming altar of Fedhas.
  7414 | D:5      | Noticed an oklob plant
  7495 | D:5      | Found a staircase to the Ecumenical Temple.
  7818 | D:6      | Found a stormy altar of Qazlal.
  7960 | D:6      | Learned a level 4 spell: Summon Ice Beast
  8054 | D:6      | Reached skill level 1 in Summonings
  8305 | D:6      | Found an ancient bone altar of Kikubaaqudgha.
  8365 | D:6      | Reached skill level 6 in Ice Magic
  8748 | D:6      | Found a white marble altar of Elyvilon.
  8768 | D:6      | Reached skill level 5 in Fighting
  8779 | D:6      | Learned a level 4 spell: Throw Icicle
  8877 | D:7      | Found a basalt altar of Yredelemnul.
  9010 | D:7      | Found an opulent altar of Gozag.
  9124 | D:7      | Found a snail-covered altar of Cheibriados.
  9525 | D:7      | Found a staircase to the Ecumenical Temple.
  9616 | D:7      | Reached XP level 9. HP: 56/61 MP: 9/15
  9743 | Temple   | Entered the Ecumenical Temple
  9792 | Temple   | Became a worshipper of Dithmenos the Shadowed
 10034 | D:7      | Noticed Joseph
 10052 | D:7      | Killed Joseph
 10052 | D:7      | Reached skill level 7 in Ice Magic
 10382 | D:8      | Reached skill level 5 in Summonings
 10619 | D:8      | Reached skill level 1 in Staves
 11416 | D:8      | Reached XP level 10. HP: 54/68 MP: 13/16
 11707 | D:8      | Reached skill level 8 in Ice Magic
 12177 | D:9      | Found a burning altar of Makhleb.
 12269 | D:9      | Noticed Psyche
 12279 | D:9      | Killed Psyche
 12712 | D:9      | Found an iron altar of Okawaru.
 12741 | D:9      | Found a snail-covered altar of Cheibriados.
 13007 | D:9      | Acquired Dithmenos's first power
 13028 | D:9      | Found a sparkling altar of Nemelex Xobeh.
 13031 | D:9      | Found a glowing golden altar of the Shining One.
 13111 | D:10     | Entered Level 10 of the Dungeon
 13236 | D:10     | Noticed a centaur warrior
 13253 | D:10     | Killed a centaur warrior
 13561 | D:10     | Found a staircase to the Lair.
 13898 | D:10     | Found a shattered altar of Ashenzari.
 13951 | D:10     | Acquired Dithmenos's second power
 13957 | D:10     | Reached skill level 5 in Staves
 14178 | D:10     | Reached XP level 11. HP: 66/75 MP: 4/17
 14544 | D:11     | Noticed a hill giant
 15046 | D:11     | Killed a hill giant
 15459 | Lair:1   | Entered Level 1 of the Lair of Beasts
 15724 | Lair:1   | Found an ancient bone altar of Kikubaaqudgha.
 16052 | Lair:1   | Acquired Dithmenos's third power
 16799 | Lair:2   | Noticed a five-headed hydra
 16940 | Lair:2   | Killed a five-headed hydra
 17262 | Lair:2   | Reached skill level 9 in Dodging
 17329 | Lair:2   | Noticed a four-headed hydra
 17336 | Lair:2   | Killed a four-headed hydra
 17792 | Lair:3   | Reached XP level 12. HP: 29/85 MP: 5/19
 17909 | Lair:3   | Reached skill level 5 in Spellcasting
 17934 | Lair:3   | Found a labyrinth entrance.
 17952 | Lab      | Entered a labyrinth
 18163 | Lab      | Noticed a minotaur
 18174 | Lab      | Killed a minotaur
 18809 | Lair:3   | Noticed a six-headed hydra
 18820 | Lair:3   | Killed a six-headed hydra
 19020 | Lair:3   | Reached skill level 10 in Dodging
 19124 | Lair:3   | Found a staircase to the Shoals.
 19376 | Lair:3   | You fall through a shaft!
 20117 | Lair:4   | Acquired Dithmenos's fourth power
 21077 | Lair:4   | Reached skill level 10 in Fighting
 21077 | Lair:4   | Reached XP level 13. HP: 92/92 MP: 14/22
 21134 | Lair:4   | Reached skill level 10 in Staves
 21725 | Lair:4   | Learned a level 5 spell: Shadow Creatures
 21731 | Lair:4   | Learned a level 5 spell: Summon Forest
 21788 | Lair:5   | Reached skill level 5 in Stealth
 22536 | Lair:5   | Learned a level 3 spell: Recall
 22630 | Lair:5   | Found a hole to the Spider Nest.
 23381 | Lair:6   | Identified a scroll of acquirement
 23998 | Lair:6   | Reached skill level 11 in Dodging
 24732 | Lair:7   | You fall through a shaft!
 24732 | Lair:8   | Entered Level 8 of the Lair of Beasts
 25136 | Lair:8   | Reached XP level 14. HP: 99/99 MP: 14/26
 25167 | Lair:8   | Reached skill level 12 in Dodging
 26574 | Lair:8   | Found a burning altar of Makhleb.
 26695 | Lair:8   | Reached skill level 13 in Dodging
 26894 | Lair:8   | Found a gateway to Hell.
 27346 | Lair:7   | Found a viscous altar of Jiyva.
 27480 | Lair:7   | Found a staircase to the Slime Pits.
 28091 | Lair:1   | Learned a level 6 spell: Monstrous Menagerie
 28095 | Lair:1   | Learned a level 3 spell: Mephitic Cloud
 28163 | D:11     | Noticed a hill giant
 28172 | D:11     | Killed a hill giant
 28306 | D:11     | Noticed Erica
 28322 | D:11     | Killed Erica
 28577 | D:11     | Got a twisted hat
 28583 | D:11     | Identified the +0 hat of Starshine {rF++ rC++ Slay-6} (You found it on level 11 of the Dungeon)
 28855 | D:12     | Found Fiuho's Magic Scroll Shoppe.
 28861 | D:12     | Noticed oplop's ghost (powerful KoBe)
 28876 | D:12     | Killed oplop's ghost
 28876 | D:12     | Reached skill level 14 in Dodging
 28895 | D:12     | Found a staircase to the Orcish Mines.
 28911 | D:12     | Bought a scroll of identify for 30 gold pieces
 28911 | D:12     | Bought a scroll of identify for 30 gold pieces
 28911 | D:12     | Bought a scroll of identify for 30 gold pieces
 28911 | D:12     | Bought a scroll of identify for 30 gold pieces
 30175 | D:14     | Reached XP level 15. HP: 99/103 MP: 10/27
 30180 | D:14     | Reached skill level 15 in Dodging
 30400 | D:14     | Found Reuguig's Gadget Emporium.
 30460 | D:14     | Noticed Sonja
 30502 | D:14     | Killed Sonja
 30562 | D:14     | Noticed Louise
 30649 | D:14     | Reached skill level 10 in Summonings
 30953 | D:14     | Paralysed by a wizard for 6 turns
 31032 | D:14     | Found a gate to the Vaults.
 31090 | D:14     | Learned a level 2 spell: Repel Missiles
 31389 | D:14     | Killed Louise
 31594 | D:15     | Entered Level 15 of the Dungeon
 31855 | D:15     | Found a staircase to the Depths.
 32545 | Orc:1    | Entered Level 1 of the Orcish Mines
 32943 | Orc:2    | Found Ceutzynk's Antique Armour Shop.
 33434 | Orc:3    | Found a staircase to the Elven Halls.
 33913 | Orc:4    | Entered Level 4 of the Orcish Mines
 33940 | Orc:4    | Found Foomm's Jewellery Emporium.
 34196 | Orc:4    | Found Plog's Antique Armour Boutique.
 34201 | Orc:4    | Noticed Maurice
 34216 | Orc:4    | Killed Maurice
 34367 | Orc:4    | Found Xuipew's Antique Weapon Shoppe.
 34565 | Orc:4    | Found Joygg's General Store.
 35026 | Orc:4    | Bought an uncursed amulet of clarity for 300 gold pieces
 35187 | Lair:1   | Learned a level 2 spell: Blink
 35354 | Spider:1 | Entered Level 1 of the Spider Nest
 35545 | Spider:1 | Reached skill level 1 in Evocations
 36023 | Spider:2 | Noticed Norris
 36041 | Spider:2 | Killed Norris
 36041 | Spider:2 | Reached XP level 16. HP: 103/110 MP: 4/29
 36665 | Spider:3 | Noticed Arachne
 36674 | Spider:3 | Killed Arachne
 36772 | Spider:3 | Found a frozen archway.
 36943 | IceCv    | Entered an ice cave
 38307 | IceCv    | Got a steaming silver amulet
 38308 | IceCv    | Identified the amulet of Xom's Whim {+Rage rPois} (You found it in an ice cave)
 38635 | Spider:3 | Reached skill level 5 in Evocations
 38691 | Spider:3 | Noticed Roxanne
 38720 | Spider:3 | Killed Roxanne
 38727 | Spider:3 | Identified Roxanne's Collected Works on Shifting Earth (You took it off Roxanne on level 3 of the Spider Nest)
 40626 | Spider:5 | Entered Level 5 of the Spider Nest
 41283 | Spider:5 | Reached XP level 17. HP: 119/119 MP: 11/30
 42245 | Spider:5 | Got a gossamer rune of Zot
 42511 | Lair:1   | Upgraded the game from 0.17-a0-755-g4391640 to 0.17-a0-764-gd40c196
 42615 | Shoals:1 | Entered Level 1 of the Shoals
 42755 | Shoals:1 | Noticed Kirke
 42769 | Shoals:1 | Killed Kirke
 42898 | Shoals:1 | Reached skill level 1 in Translocations
 42905 | Shoals:1 | Noticed Nikola
 43454 | Shoals:1 | Killed Nikola
 44049 | Shoals:2 | Got a smoking copper ring
 44050 | Shoals:2 | Identified the ring of Nipsudeh {+cTele rN+} (You acquired it on level 2 of the Shoals)
 44911 | Shoals:3 | Noticed Jorgrun
 44929 | Shoals:3 | Killed Jorgrun
 44967 | Shoals:3 | Noticed Polyphemus
 45140 | Shoals:3 | Killed Polyphemus
 45861 | Shoals:3 | Reached skill level 16 in Dodging
 46830 | Shoals:4 | Noticed Donald
 46845 | Shoals:4 | Killed Donald
 46911 | Shoals:4 | Reached XP level 18. HP: 128/128 MP: 10/31
 47991 | Vaults:1 | Entered Level 1 of the Vaults
 48513 | Vaults:1 | Reached skill level 5 in Translocations
 48558 | Vaults:1 | Found Pirid Hete's Magic Scroll Shop.
 48594 | Vaults:1 | Bought a scroll of acquirement for 676 gold pieces
 48594 | Vaults:1 | Bought a scroll of acquirement for 676 gold pieces
 48900 | Vaults:1 | Found a portal to a secret trove of treasure.
 49909 | Vaults:1 | Reached skill level 10 in Spellcasting
 50795 | Vaults:2 | Noticed Wiglaf
 50830 | Vaults:2 | Killed Wiglaf
 51132 | Vaults:2 | Noticed Jory
 51345 | Vaults:2 | HP: 5/131 [Jory/great sword of electrocution (19)]
 51350 | Vaults:2 | HP: 4/131 [Jory/great sword of electrocution (2)]
 51353 | Vaults:2 | Killed Jory
 51353 | Vaults:2 | Reached skill level 17 in Dodging
 51353 | Vaults:2 | Reached XP level 19. HP: 5/136 MP: 33/33
 53762 | Lair:1   | Learned a level 5 spell: Phase Shift
 54106 | Vaults:3 | Noticed a lich
 54112 | Vaults:3 | Found a staircase to the Crypt.
 54117 | Vaults:3 | Killed a lich
 55202 | Vaults:3 | Reached skill level 18 in Dodging
 56191 | Vaults:3 | Reached XP level 20. HP: 128/143 MP: 29/35
 58275 | Vaults:4 | Reached skill level 10 in Translocations
 58414 | Vaults:4 | Reached skill level 19 in Dodging
 58510 | Vaults:4 | Found Siar's Magic Scroll Shoppe.
 58517 | Vaults:4 | Bought a scroll of acquirement for 780 gold pieces
 60056 | Vaults:1 | Learned a level 7 spell: Controlled Blink
 60162 | Depths:1 | Entered Level 1 of the Depths
 60914 | Depths:1 | Noticed Margery
 60943 | Depths:1 | Killed Margery
 61284 | Depths:1 | Noticed a bone dragon
 61287 | Depths:1 | Noticed a profane servitor
 61299 | Depths:1 | Killed a profane servitor
 61299 | Depths:1 | Reached XP level 21. HP: 107/148 MP: 3/36
 61338 | Depths:1 | Killed a bone dragon
 61574 | Depths:1 | Found a basalt altar of Yredelemnul.
 62207 | Depths:2 | Noticed Mara
 62219 | Depths:2 | Noticed Zwobot's illusion
 62227 | Depths:2 | Killed Mara
 63255 | Depths:2 | Found Zaomuedy's Demolitions Depot.
 64460 | Depths:3 | Found a gateway to a ziggurat.
 64786 | Depths:3 | Found a one-way gate leading to the halls of Pandemonium.
 65609 | Depths:3 | Found a runed gate.
 65609 | Depths:3 | Found a runed gate.
 65609 | Depths:3 | Found a runed gate.
 65655 | Depths:3 | Reached XP level 22. HP: 79/154 MP: 27/39
 66169 | Depths:3 | Found a runed gate.
 66169 | Depths:3 | Found a runed gate.
 66170 | Depths:3 | Found a runed gate.
 66940 | Depths:3 | Learned a level 7 spell: Malign Gateway
 66942 | Depths:3 | Learned a level 1 spell: Apportation
 67250 | Vaults:1 | Bought a scroll of identify for 26 gold pieces
 67255 | Vaults:1 | Bought a scroll of recharging for 123 gold pieces
 67255 | Vaults:1 | Bought a scroll of recharging for 123 gold pieces
 67480 | Vaults:2 | Reached skill level 15 in Fighting
 68725 | Depths:4 | Found a one-way gate to the infinite horrors of the Abyss.
 68725 | Depths:4 | Noticed Maud
 68733 | Depths:4 | Killed Maud
 68861 | Depths:4 | Noticed an ancient lich
 68873 | Depths:4 | Killed an ancient lich
 69808 | Depths:4 | Reached skill level 15 in Translocations
 71198 | Orc:4    | Bought the ring of Mufuvus {rElec Int+2 Dex-5 SInv} for 228 gold pieces
 71315 | D:11     | Noticed an unseen horror
 71331 | D:11     | Killed an unseen horror
 71610 | Shoals:5 | Entered Level 5 of the Shoals
 71761 | Shoals:5 | Reached skill level 20 in Dodging
 71966 | Shoals:5 | Identified the Compendium of Confrontation and the Blaze
 72321 | Shoals:5 | Got a slimy tin ring
 72323 | Shoals:5 | Identified the ring "Teupriux" {+Blink EV+3 Int+3 Slay-5 Stlth-} (You found it on level 5 of the Shoals)
 72361 | Shoals:5 | Noticed Ilsuiw
 72514 | Shoals:5 | Killed Ilsuiw
 72514 | Shoals:5 | Reached XP level 23. HP: 145/165 MP: 11/41
 72965 | Shoals:5 | Got a barnacled rune of Zot
 73346 | D:12     | Bought 2 scrolls of amnesia for 105 gold pieces
 73445 | Lair:1   | Learned a level 4 spell: Control Teleport
 73912 | Depths:5 | Entered Level 5 of the Depths
 75439 | Depths:5 | Found a gate to the Realm of Zot.
 75605 | Depths:5 | Reached skill level 10 in Evocations
 76130 | Elf:1    | Entered Level 1 of the Elven Halls
 76746 | Elf:1    | Identified the Almanac of Aerial Conjuration (You found it on level 1 of the Elven Halls)
 77390 | Elf:2    | Reached skill level 15 in Summonings
 77652 | Elf:2    | Found a runed gate.
 77652 | Elf:2    | Found a runed gate.
 77652 | Elf:2    | Found a runed gate.
 77687 | Elf:3    | Entered Level 3 of the Elven Halls
 78013 | Elf:3    | Found Ylatus's Jewellery Shop.
 78023 | Elf:3    | Bought a +6 ring of protection for 1326 gold pieces
 79108 | Elf:3    | Reached XP level 24. HP: 161/171 MP: 22/41
 79932 | Elf:3    | Got a scintillating amber ring
 79933 | Elf:3    | Identified the ring of Mymmopig {Wiz rC+} (You took it off a deep elf demonologist on level 3 of the Elven Halls)
 80380 | Elf:3    | Got an ancient copper amulet
 80381 | Elf:3    | Identified the amulet of Sienover {Inacc rF+ Str+6 Int-4 Stlth-} (You found it on level 3 of the Elven Halls)
 80408 | Elf:3    | Identified Beaczenn's Incunabulum of Damaging Feathers (You found it on level 3 of the Elven Halls)
 80451 | Elf:3    | Got an ancient jade ring
 80452 | Elf:3    | Identified the ring "Bepis" {+Blink MR+ Str-3 Int+2 Stlth+} (You acquired it on level 3 of the Elven Halls)
 80601 | Elf:3    | Reached skill level 15 in Spellcasting
 81035 | Lair:1   | Learned a level 9 spell: Dragon's Call
 81044 | Lair:1   | Learned a level 6 spell: Dispersal
 81315 | Vaults:4 | Bought a scroll of recharging for 142 gold pieces
 81315 | Vaults:4 | Bought a scroll of identify for 30 gold pieces
 81315 | Vaults:4 | Bought a scroll of blinking for 112 gold pieces
 81315 | Vaults:4 | Bought a scroll of recharging for 142 gold pieces
 81389 | Vaults:5 | Entered Level 5 of the Vaults
 81408 | Vaults:5 | Got a silver rune of Zot
 83101 | Vaults:5 | Learned a level 3 spell: Regeneration
 83563 | Vaults:5 | Reached skill level 5 in Charms
 83563 | Vaults:5 | Reached XP level 25. HP: 171/177 MP: 6/42
 83920 | Vaults:5 | Reached XP level 26. HP: 178/183 MP: 35/42
 83977 | Vaults:5 | Noticed an ancient lich
 84003 | Vaults:5 | Noticed Xtahua
 84902 | Vaults:5 | Killed Xtahua
 85051 | Vaults:5 | Learned a level 3 spell: Spectral Weapon
 85438 | Vaults:5 | Got a transparent bone amulet
 85440 | Vaults:5 | Identified the amulet "Pofibiec" {Spirit Dex+3} (You took it off a vault guard on level 5 of the Vaults)
 86500 | Crypt:1  | Entered Level 1 of the Crypt
 86543 | Crypt:1  | Found a magical portal.
 86556 | WizLab   | Entered Wucad Mu's Monastery
 86632 | WizLab   | Noticed asdu's ghost (mighty DrAs)
 86735 | WizLab   | Reached XP level 27. HP: 168/189 MP: 42/43
 86751 | WizLab   | Gained mutation: One of your tentacles bears a spike. [potion of beneficial mutation]
 86793 | WizLab   | Killed asdu's ghost
 87171 | Crypt:1  | Noticed Boris
 87594 | Crypt:1  | Noticed Khufu
 87600 | Crypt:1  | Noticed a greater mummy
 89037 | Crypt:3  | Entered Level 3 of the Crypt
 89931 | Crypt:3  | Reached skill level 21 in Dodging
 90455 | Crypt:3  | Found an ancient bone altar of Kikubaaqudgha.
 90759 | Crypt:3  | Noticed an ancient lich
 90790 | Crypt:3  | HP: 3/189 [acid (15)]
 90791 | Crypt:3  | Killed an ancient lich
 90972 | Crypt:3  | Noticed an ancient lich
 90985 | Crypt:3  | Killed an ancient lich
 90993 | Crypt:3  | Identified Caboitam's Compendium of Combat Magic and the Volcanoes
 91371 | Vaults:2 | Learned a level 6 spell: Haste
 91375 | Vaults:2 | Learned a level 3 spell: Abjuration
 91722 | Hell     | Entered the Vestibule of Hell
 91722 | Hell     | Noticed Geryon
 91738 | Hell     | Killed Geryon
 91823 | Hell     | Found a gateway to the decaying netherworld of Tartarus.
 92158 | Hell     | Found a gateway to the freezing wastes of Cocytus.
 92620 | Hell     | Found a gateway to the ashen valley of Gehenna.
 93016 | Hell     | Found a gateway to the Iron City of Dis.
 93146 | Depths:4 | Voluntarily entered the Abyss.
 93317 | Abyss:2  | Found a corrupted altar of Lugonu.
 93585 | Abyss:2  | Found a corrupted altar of Lugonu.
 93589 | Abyss:2  | Found a corrupted altar of Lugonu.
 93765 | Abyss:2  | Gained mutation: You are weak. (Str -2) [a cacodemon]
 94222 | Depths:4 | Escaped the Abyss
 94583 | Lair:1   | Upgraded the game from 0.17-a0-764-gd40c196 to 0.17-a0-776-gd86b262
 95029 | Zot:1    | Entered Level 1 of the Realm of Zot
 95534 | Zot:3    | Reached skill level 22 in Summonings
 96035 | Zot:5    | Entered Level 5 of the Realm of Zot
 96779 | Zot:5    | Noticed an ancient lich
 96788 | Zot:5    | Killed an ancient lich
 97177 | Zot:5    | Noticed an orb of fire
 97185 | Zot:5    | Gained mutation: You are frail (-10% HP). [an orb of fire]
 97188 | Zot:5    | Killed an orb of fire
 97192 | Zot:5    | Noticed an orb of fire
 97193 | Zot:5    | Noticed an ancient lich
 97201 | Zot:5    | Killed an ancient lich
 97202 | Zot:5    | Slain by an Orb Guardian

Action                   |  1- 3 |  4- 6 |  7- 9 | 10-12 | 13-15 | 16-18 | 19-21 | 22-24 | 25-27 || total
-------------------------+-------+-------+-------+-------+-------+-------+-------+-------+-------++-------
Melee: Whip              |    29 |    49 |     5 |       |       |       |       |       |       ||    83
       Unarmed           |     1 |     8 |       |       |       |       |       |       |       ||     9
       Spear             |       |    28 |       |       |       |       |       |       |       ||    28
       Falchion          |       |       |   206 |       |       |       |       |       |       ||   206
       Quarterstaff      |       |       |    60 |   562 |   114 |       |       |       |       ||   736
       Dagger            |       |       |     1 |       |       |       |       |       |       ||     1
       Lajatang          |       |       |       |       |   832 |  1164 |  1274 |  1634 |  1738 ||  6642
 Fire: Blowgun           |       |    15 |     8 |     1 |    13 |       |       |       |       ||    37
       Hunting sling     |       |       |     7 |     1 |     1 |       |       |       |       ||     9
Throw: Stone             |     9 |    12 |     4 |     2 |       |       |       |       |       ||    27
       Throwing net      |       |       |       |       |       |     2 |     1 |     5 |       ||     8
 Cast: Freeze            |    40 |    93 |    32 |     5 |     8 |       |       |       |       ||   178
       Ozocubu's Armour  |     2 |     7 |    27 |    89 |   148 |   138 |   110 |   122 |   104 ||   747
       Throw Frost       |     2 |     3 |     4 |     7 |       |       |       |       |       ||    16
       Summon Ice Beast  |       |       |     1 |   134 |   194 |    28 |       |       |       ||   357
       Shadow Creatures  |       |       |       |       |    24 |     1 |     3 |    30 |    18 ||    76
       Summon Forest     |       |       |       |       |     2 |       |       |       |       ||     2
       Monstrous Menager |       |       |       |       |    63 |   196 |   167 |   134 |    53 ||   613
       Mephitic Cloud    |       |       |       |       |     1 |       |       |       |       ||     1
       Repel Missiles    |       |       |       |       |     1 |     7 |     4 |    10 |     5 ||    27
       Recall            |       |       |       |       |       |     2 |     3 |     2 |       ||     7
       Blink             |       |       |       |       |       |     2 |       |       |       ||     2
       Phase Shift       |       |       |       |       |       |       |    82 |   152 |   126 ||   360
       Controlled Blink  |       |       |       |       |       |       |     1 |     9 |    18 ||    28
       Throw Icicle      |       |       |       |       |       |       |       |     7 |       ||     7
       Malign Gateway    |       |       |       |       |       |       |       |     3 |       ||     3
       Regeneration      |       |       |       |       |       |       |       |     8 |    98 ||   106
       Control Teleport  |       |       |       |       |       |       |       |     2 |       ||     2
       Apportation       |       |       |       |       |       |       |       |     1 |     1 ||     2
       Spectral Weapon   |       |       |       |       |       |       |       |       |    31 ||    31
       Dragon's Call     |       |       |       |       |       |       |       |       |     3 ||     3
       Haste             |       |       |       |       |       |       |       |       |    14 ||    14
       Dispersal         |       |       |       |       |       |       |       |       |     1 ||     1
Invok: Shadow Step       |       |       |       |       |     2 |       |     3 |     7 |     6 ||    18
 Abil: Evoke Teleport Co |       |       |       |       |       |       |       |       |     1 ||     1
Evoke: Wand              |       |       |       |     1 |     6 |    13 |    13 |    16 |    17 ||    66
       Phantom mirror    |       |       |       |       |       |     2 |       |       |       ||     2
       Fan of gales      |       |       |       |       |       |     1 |     1 |     1 |       ||     3
       Rod               |       |       |       |       |       |       |     4 |    26 |    12 ||    42
       Staff of energy   |       |       |       |       |       |       |       |       |   102 ||   102
       Horn of Geryon    |       |       |       |       |       |       |       |       |     2 ||     2
  Use: Scroll            |       |     3 |     7 |    18 |    22 |    19 |     9 |    31 |    19 ||   128
       Potion            |       |     3 |     2 |     6 |     6 |     9 |     3 |     9 |    14 ||    52
 Stab: Sleeping          |     5 |     9 |    12 |    36 |    66 |    44 |    34 |    33 |    37 ||   276
       Distracted        |       |       |     2 |     7 |    21 |    35 |    35 |    39 |    59 ||   198
       Held in net/web   |       |       |       |       |     1 |       |     1 |       |       ||     2
       Invisible         |       |       |       |       |       |     3 |       |     2 |       ||     5
       Paralysed         |       |       |       |       |       |     1 |     3 |     1 |       ||     5
       Confused          |       |       |       |       |       |     1 |     3 |       |       ||     4
       Fleeing           |       |       |       |       |       |       |     1 |     1 |       ||     2
  Eat: Chunk             |     1 |     9 |    19 |    43 |    70 |    65 |    65 |    53 |    12 ||   337
       Bread ration      |     1 |     1 |       |       |       |     8 |     1 |     6 |     9 ||    26
       Pizza             |       |       |     1 |       |     3 |       |       |       |     1 ||     5
       Beef jerky        |       |       |     1 |     2 |     3 |     2 |     1 |     4 |     1 ||    14
       Fruit             |       |       |       |    14 |    14 |    15 |    12 |     6 |     8 ||    69
       Royal jelly       |       |       |       |     2 |       |     1 |       |     1 |     1 ||     5
       Meat ration       |       |       |       |       |       |       |       |     1 |     2 ||     3
